[Event "7th Porticcio Open 2022"]
[Site "Porticcio"]
[Date "2022.07.06"]
[Round "7.8"]
[White "Mastrovasilis, Athanasios"]
[Black "Derige Kane, Yan"]
[Result "1-0"]
[ECO "A14"]
[WhiteElo "2527"]
[BlackElo "2112"]
[Annotator "TA"]
[PlyCount "124"]
[EventDate "2022.07.02"]
[EventType "swiss"]
[EventCountry "FRA"]
[SourceTitle "playchess.com"]
[Source "ChessBase"]
[SourceQuality "1"]
[TimeControl "5400+30"]

1. Nf3 Nf6 2. c4 e6 3. g3 d5 4. Bg2 Be7 5. O-O O-O 6. b3 c5 7. cxd5 Nxd5 8. Bb2 Nc6 9. d4 cxd4 10. Nxd4 Bd7 {[%emt 0:00:24] A14: English Opening: 1...e6 with b3 by White.} 11. Na3 Nxd4 12. Qxd4 {[%emt 0:01:27][%csl Gb2][%cal Rd4g7] [#]} Bf6 {[%emt 0:03:41] The position is equal.} 13. Qd2 Bxb2 14. Qxb2 Bc6 15. Rfd1 Qe7 16. Nc4 Nb4 17. e4 Rfd8 18. a3 {[%emt 0:19:34] [#]} Na6 $146 ({Predecessor:} 18... Nd3 19. Qc3 Nc5 20. e5 Bxg2 21. Kxg2 Nd7 22. Rd6 f6 23. exf6 Nxf6 24. Qe5 Rxd6 25. Qxd6 {½-½ (54) Pantsulaia,L (2614)-Petrosyan,M (2573) Mumbai 2019}) 19. b4 {[%emt 0:05:13] [#] Hoping for b5.} Bb5 20. Na5 b6 21. Nb3 Ba4 22. e5 Rac8 23. Rxd8+ Rxd8 24. Nd4 Qc7 25. f4 g6 26. Rc1 Qd7 27. Nc6 Bxc6 (27... Nc5 {feels hotter.} 28. bxc5 Bxc6 29. cxb6 Bxg2 30. Kxg2 Qb7+) 28. Bxc6 Qd3 {[%emt 0:00:58] ...Qe3+ is the strong threat.} 29. Qc3 Qxc3 30. Rxc3 $11 {[%emt 0:00:02][%mdl 4096] Endgame Strongly threatening Bb5. KRB-KRN} Rc8 31. Rc2 Nb8 32. Ba4 Rxc2 33. Bxc2 {[%emt 0:00:02] KB-KN} h5 34. Bd3 Nc6 35. Kf2 Ne7 36. Be4 Kf8 37. Ke3 Ke8 $1 38. Kd4 Kd7 39. Kc4 Kc7 40. a4 Nc8 41. h3 Ne7 42. g4 hxg4 43. hxg4 Nc8 44. a5 a6 45. Bc2 Ne7 46. axb6+ Kxb6 47. Ba4 Nc6 48. g5 Ne7 (48... Nd8 $11 {keeps the balance.}) 49. Be8 $16 Nd5 50. f5 $1 ({Don't play} 50. Bxf7 $6 Nxf4 51. Be8 Nh3 $11) 50... Ne3+ $2 {[%emt 0:00:46][%mdl 8192] This move loses the game for Black.} (50... Ne7 $16) 51. Kd3 $18 Nxf5 52. Bxf7 Ne7 53. Bxe6 Nc6 54. Ke4 {[%emt 0:00:25] And now Bd7 would win.} Ne7 55. Bd7 (55. Bc4 $142 Kc6 56. Bxa6) 55... a5 56. bxa5+ {[%emt 0:00:11] White mates.} Kxa5 57. e6 Kb6 58. Ke5 Kc7 59. Be8 Kd8 60. Bf7 Kc7 61. Kf6 Kd6 62. Bxg6 Kd5 {Weighted Error Value: White=0.06 (flawless) /Black=0.22 (precise)} 1-0

[Event "7th Porticcio Open 2022"]
[Site "Porticcio"]
[Date "2022.07.07"]
[Round "8.1"]
[White "Martin Duque, Jesus"]
[Black "Maurizzi, Marc Andria"]
[Result "0-1"]
[ECO "A28"]
[WhiteElo "2378"]
[BlackElo "2506"]
[Annotator "TA"]
[PlyCount "102"]
[EventDate "2022.07.02"]
[EventType "swiss"]
[EventCountry "FRA"]
[SourceTitle "playchess.com"]
[Source "ChessBase"]
[SourceQuality "1"]
[TimeControl "5400+30"]

1. c4 e5 2. e3 Nf6 3. Nc3 Nc6 4. Nf3 Bb4 5. Qc2 O-O 6. Nd5 Re8 7. a3 Bf8 8. Bd3 {[%emt 0:19:58] A28: English Opening: Four Knights Variation.} g6 9. Rb1 {[%emt 0:09:24] [#]} Nxd5 $146 ({Predecessor:} 9... Bg7 10. b4 d6 11. b5 Nd4 12. Nxf6+ Qxf6 13. Nxd4 exd4 14. O-O Qh4 15. Bb2 Bd7 {½-½ (45) Ljubojevic,L (2605)-Anand,V (2710) Monte Carlo 1993}) 10. cxd5 {[%emt 0:00:09] The position is equal.} Ne7 11. e4 d6 (11... c6 $5 12. d6 (12. Nxe5 $2 Nxd5 13. O-O Nf4 $19) 12... Nd5 $1 $11) 12. O-O Bg4 13. b4 (13. Be2 $11 {remains equal.}) 13... Bxf3 $17 14. gxf3 c6 15. Bb2 Bh6 16. Kh1 Qd7 {[%emt 0:03:52] aiming for ...Qh3.} 17. Be2 (17. dxc6 $17 {keeps fighting.} Qh3 18. Rg1 Qxf3+ 19. Rg2 Nxc6 20. Bc4) 17... cxd5 $19 18. d4 Rac8 19. Qd3 Bf4 20. Kg2 {[%emt 0:02:32] Against Qh3+} (20. Rg1 $142) 20... Qe6 21. b5 (21. h4 {was worth a try.}) 21... Qf6 {[%emt 0:01:12] ( -> ...Qg5+)} 22. Rg1 Qg5+ 23. Kh1 Qh6 {[%emt 0:00:49][%csl Gf4][%cal Rh6h2] Black is more active.} 24. Rg2 Red8 25. Rd1 Qh3 26. exd5 (26. a4 $17) 26... Nxd5 27. Qe4 Nf6 28. Qxb7 Rc2 {[%emt 0:00:36] The board is on fire.} 29. Bf1 {[%emt 0:00:12][%cal Og2g6] [#] Hoping for Rxg6+!} Qc8 $1 (29... Rxb2 {[#]} 30. Rxg6+ $1 hxg6 31. Bxh3 Rxf2 32. dxe5 $16 (32. Bg2 Rd7 $14)) 30. Qxc8 Rdxc8 31. dxe5 dxe5 (31... Rxb2 32. exf6 Rc3 33. a4 $17) 32. Rb1 Rd2 33. a4 Rcc2 34. Ba1 (34. Ba3 $17) 34... Ra2 (34... Nd5 $19 {has better winning chances.} 35. a5 Ra2) 35. a5 {[%emt 0:00:15] This costs White the game.} (35. Bc3 $17 {was necessary.}) 35... Nd5 ({Inferior is} 35... Rxf2 36. Rxf2 Rxf2 37. b6 axb6 38. axb6 $11) 36. b6 axb6 (36... Rxa5 $2 37. b7 Kg7 38. b8=Q $18) 37. a6 Nc7 38. Bc3 Rdc2 39. Bc4 Ra3 40. Bb4 Rxf3 41. Bf1 (41. Bb3 {might work better.} Rc1+ 42. Rxc1 Bxc1 43. Rg3 Rxg3 44. fxg3 Nxa6 45. Bd6) 41... Ra2 (41... Rfxf2 42. Rxf2 Rxf2 43. Bd6 Nxa6 44. Bxa6 $17) ({Not} 41... Rcxf2 42. Be2 Rxe2 43. Rxe2 Nxa6 44. Bd6 $15) 42. Bd6 Nxa6 43. Rxb6 Ra1 ({Worse is} 43... Rfxf2 44. Rxf2 Rxf2 45. Bxa6 $15) 44. Kg1 Rd3 {[%emt 0:01:11] And now ...Rdd1 would win.} 45. Bxe5 $2 (45. Rxa6 Rxa6 46. Bxd3 Rxd6 47. Be2) 45... Bxe5 {Black is clearly winning.} 46. Rxa6 Re1 47. Rg5 Rd2 {[%emt 0:01:36] ...Bd4 is the strong threat.} 48. Kg2 Bd4 49. Bc4 Rxf2+ 50. Kh3 Be5 51. Ra2 Re3+ {[%emt 0:00:03] Weighted Error Value: White=0.40/Black=0.14 (very precise)} 0-1

[Event "7th Porticcio Open 2022"]
[Site "Porticcio"]
[Date "2022.07.07"]
[Round "8.2"]
[White "Venkatesh, M.R."]
[Black "Can, Isik"]
[Result "0-1"]
[ECO "C45"]
[WhiteElo "2479"]
[BlackElo "2445"]
[Annotator "TA"]
[PlyCount "71"]
[EventDate "2022.07.02"]
[EventType "swiss"]
[EventCountry "FRA"]
[SourceTitle "playchess.com"]
[Source "ChessBase"]
[SourceQuality "1"]
[TimeControl "5400+30"]

1. e4 e5 2. Nf3 Nc6 3. d4 exd4 4. Nxd4 Nf6 5. Nxc6 bxc6 6. e5 Qe7 7. Qe2 Nd5 8. h4 (8. c4 $5 Nb6 9. b3 $11) 8... Qe6 {[%emt 0:01:23] C45: Scotch Game.} 9. Nd2 {[%emt 0:00:28] 9.Nd2 is better than 9.g3.} Nb4 (9... a5 $142) 10. Nf3 $11 Qg6 {[%emt 0:06:15] The position is equal.} 11. Kd1 (11. Nd4 $5 h5 12. a3 $11) 11... Ba6 12. c4 c5 $1 13. a3 Nc6 {[%emt 0:01:10] [#]} 14. Qc2 $146 ({Predecessor:} 14. h5 Qe6 15. Bd2 Rb8 16. Bc3 Be7 17. Kc2 O-O 18. Qe4 Bb7 19. Qe1 Ba8 20. Bd3 {1-0 (68) Acs,P (2569)-Kantor,G (2575) Budapest 2021}) 14... Qg4 $36 {[%emt 0:05:09][%mdl 2048] Black has the initiative.} 15. Rh3 Nd4 16. Qd3 Bb7 17. Rg3 Qh5 (17... Bxf3+ $5 18. gxf3 Qxh4 $11) 18. Bf4 (18. Be2 $11 {keeps the balance.} Nxe2 19. Kxe2 (19. Qxe2 Qf5 $15)) 18... Be7 {[%emt 0:08:08] Black is more active.} 19. Be2 Bxf3 20. Bxf3 {[%emt 0:00:57] [#]} Qxh4 21. Qe4 Rb8 22. Rb1 g6 23. Ke1 Qh1+ 24. Kd2 Nxf3+ 25. gxf3 Qh2 (25... Qh4 $15 {is superior.}) 26. Qe3 {[%emt 0:01:49] [#]} (26. Be3 $1 $11) 26... Bh4 $1 $17 27. Qxc5 ({Avoid the trap} 27. Rxg6 $2 {[#]} Bxf2 $1 28. Bxh2 Bxe3+ 29. Kxe3 Rb3+ 30. Kf4 hxg6 $19) (27. e6 $142 fxe6 28. Rxg6 Qxf2+ 29. Qxf2 Bxf2 30. Rh6) 27... Bxg3 $19 28. Bxg3 Qh5 {[%emt 0:01:02] aiming for ...Qf5.} 29. Qe3 (29. Qxa7 {was necessary.} O-O 30. Qe3) 29... O-O 30. Kc3 (30. b4 {is a better defense.}) 30... f6 {[%emt 0:00:48] And now ...fxe5 would win.} 31. e6 Rbe8 32. Rd1 Rxe6 33. Qxa7 Qxf3+ 34. Rd3 Qh1 ({Weaker is} 34... Qe2 35. Qxc7 d6 36. Rxd6 $17) 35. Qxc7 (35. Bf4 $142 Qe4 36. Qd4 Qe1+ 37. Kc2) 35... Qc1+ 36. Kd4 {Weighted Error Value: White=0.50/Black=0.10 (very precise)} 0-1

[Event "7th Porticcio Open 2022"]
[Site "Porticcio"]
[Date "2022.07.07"]
[Round "8.3"]
[White "Karttunen, Mika"]
[Black "Clarke, Brandon G I"]
[Result "1-0"]
[ECO "A34"]
[WhiteElo "2484"]
[BlackElo "2486"]
[Annotator "TA"]
[PlyCount "97"]
[EventDate "2022.07.02"]
[EventType "swiss"]
[EventCountry "FRA"]
[SourceTitle "playchess.com"]
[Source "ChessBase"]
[SourceQuality "1"]
[TimeControl "5400+30"]

1. Nf3 Nf6 2. c4 c5 3. Nc3 d5 4. cxd5 Nxd5 5. e3 e6 6. a3 {[%emt 0:10:17] A17: English Opening: 1...Nf6 with ...Bb4.} Be7 7. Bb5+ Bd7 {[%emt 0:00:34] [#]} 8. Bc4 $146 {[%emt 0:05:19] The position is equal.} ({Predecessor:} 8. e4 Bxb5 9. Nxb5 Nf4 10. O-O Qd7 11. Nc3 Nc6 12. d4 cxd4 13. Bxf4 dxc3 14. Qxd7+ Kxd7 15. bxc3 {1-0 (38) Gimenez Fernandez,E-Gonzalez Sanchez,J (1253) Mondariz 2015}) 8... Nxc3 9. bxc3 Qc7 10. O-O O-O 11. Qe2 Rc8 12. Rb1 a6 13. d3 Bf6 14. Bb2 Nc6 15. Ba2 b5 16. e4 Na5 17. Rbc1 Rab8 18. e5 Be7 19. Nd2 Bc6 20. f4 g6 21. Ne4 Rd8 22. Nf6+ Bxf6 23. exf6 c4 24. d4 Rd5 25. Rce1 (25. g4 $1 $11) 25... Qd8 $17 26. Qg4 Qxf6 27. Re5 h5 28. Qg3 Re8 (28... h4 $17 29. Qg4 Nb3) 29. Bc1 (29. Bb1 $15 {should be considered.}) 29... Qg7 30. Bb1 f5 31. Rfe1 Kf7 32. Bc2 Qf6 33. Be3 (33. a4 $15) 33... Qe7 34. Ra1 (34. Bc1 $17) 34... Rg8 (34... Nb3 $19 35. Ra2 h4) 35. Qh3 (35. h4 $17) 35... Nb3 $19 36. Ra2 a5 (36... Rxe5 $19 37. fxe5 h4) 37. Bd1 $17 Rh8 ({Black should try} 37... b4 $17 38. axb4 axb4) 38. g4 (38. Bf3 $1 $11) 38... Rxe5 (38... fxg4 $6 39. Bxg4 Rxe5 40. fxe5 $11) 39. fxe5 Qd8 ({Better is} 39... Rh7 $17) 40. gxf5 $1 $11 Qd5 $2 (40... gxf5 $11 41. Rf2 Qg8+ 42. Kf1 Be4) 41. fxg6+ $2 (41. fxe6+ $1 $18 Kg7 42. Rg2 $1) 41... Kg7 {[%emt 0:02:10] [#]} (41... Ke7 $1 $11 {remains equal.} 42. Bg5+ Kd7) 42. Bg5 $1 $16 {[%emt 0:00:59] White threatens Bf6+ and mate. The board is on fire.} Nxd4 $2 43. Bf6+ $18 {[%emt 0:01:08] A strong pair of Bishops.} Kg8 {[%emt 0:00:01] [#]} 44. Rd2 $1 Rh6 45. Rxd4 {[%emt 0:00:29] White wants to mate with Bc2.} Rxg6+ 46. Kf2 ({But not} 46. Kf1 $2 Qh1+ 47. Kf2 (47. Ke2 $2 Rg2+ 48. Qxg2+ Qxg2+ 49. Ke1 Bd5 $19) 47... Rg2+ 48. Qxg2+ (48. Ke3 $2 Qg1+ 49. Kf4 Qf1+ 50. Qf3 Bxf3 $19) 48... Qxg2+ 49. Ke3 Bd5 $19) 46... Qh1 47. Qxe6+ {[%emt 0:00:40] White mates.} Kh7 48. Qf7+ Kh6 {[%emt 0:00:03] [#]} 49. Bg5+ $1 {[%emt 0:00:20][%mdl 512] Never resign too early!  Weighted Error Value: White=0.21 (precise) /Black=0.42} 1-0

[Event "7th Porticcio Open 2022"]
[Site "Porticcio"]
[Date "2022.07.07"]
[Round "8.4"]
[White "Rakotomaharo, Fy Antenaina"]
[Black "Suarez Uriel, Adrian"]
[Result "0-1"]
[ECO "D85"]
[WhiteElo "2490"]
[BlackElo "2386"]
[Annotator "TA"]
[PlyCount "105"]
[EventDate "2022.07.02"]
[EventType "swiss"]
[EventCountry "FRA"]
[SourceTitle "playchess.com"]
[Source "ChessBase"]
[SourceQuality "1"]
[TimeControl "5400+30"]

1. d4 Nf6 2. c4 g6 3. Nc3 d5 4. Nf3 Bg7 5. cxd5 Nxd5 6. e4 Nxc3 7. bxc3 c5 8. Bb5+ Nc6 $1 {[%emt 0:00:04][%cal Rc5d4] 8...Nc6 scores better than 8...Bd7.} 9. d5 {[%emt 0:00:05] D85: Exchange Grünfeld: Unusual White 7th moves and lines with 7 Nf3.} Qa5 10. Rb1 a6 11. Bxc6+ {[%emt 0:00:17] The position is equal.} bxc6 12. O-O $1 O-O 13. dxc6 Be6 14. Bf4 Bc4 {[%emt 0:07:52] [#] This bishop pair is nice.} 15. c7 $146 ({Predecessor:} 15. Re1 Rac8 16. c7 f6 17. e5 Qxc7 18. exf6 Qxf4 19. fxg7 Rf7 20. Rb2 Rxg7 21. Ne5 Bb5 22. Qd5+ Kh8 23. c4 e6 24. Qd6 {1-0 (24) Almagro Llamas,P (2483)-Suarez Uriel,A (2396) Madrid 2018}) 15... Bxf1 $17 16. Qxf1 (16. Kxf1 $15 Qxa2 17. Kg1) 16... Rac8 17. Rb7 Qxa2 18. h4 (18. Nd2 $17) 18... Qe6 $19 ({Not} 18... Bxc3 19. Qc1 Qa5 20. Qd1 $17) 19. Qd3 Qc6 $2 (19... c4 $19 20. Qe3 Qd7) 20. Rb8 (20. Qd5 $1 $11 {was the only way to keep the balance.} Qxd5 21. exd5) 20... c4 $2 (20... h6 $1 $17 {and life is bright. aiming for ...a5.} 21. Qc4 Rxc7 22. Rxf8+ Kxf8 23. Bxc7 Qxc7) 21. Qd8 $1 $18 Qe6 {[%emt 0:00:01] [#]} (21... Rfxd8 {leads to mate.} 22. cxd8=Q+) 22. Ng5 (22. e5 $1 $18) 22... Qg4 $16 23. f3 $2 Rcxd8 $19 24. fxg4 Rc8 25. Rb6 (25. Rb4 $142 e5 26. Bg3) 25... Ra8 26. e5 a5 27. e6 f5 28. Nf7 Bxc3 29. Rc6 Bd4+ 30. Kh2 c3 $2 ({Worse is} 30... fxg4 31. Bg5 $17) (30... a4 $19 {has better winning chances.} 31. Rxc4 Bb2) 31. Rc4 (31. Nh6+ $17 Kg7 32. Rc4) 31... Bg7 32. Nh6+ (32. h5 {is tougher.}) 32... Bxh6 33. Bxh6 {[%emt 0:00:04][%mdl 4096] Endgame KRR-KRB} Rfc8 34. Rxc3 fxg4 35. Bf4 a4 36. Ra3 h5 37. Be5 Kh7 38. Kg3 g5 39. hxg5 Kg6 40. Kf4 Ra6 41. Rd3 a3 42. Rd8 Raa8 43. Rd7 Ra4+ 44. Ke3 Kf5 45. Rd8 {[%emt 0:01:47] [#]} Raa8 (45... Kxe5 $142 $1 46. Rd1 a2 47. g6 a1=Q 48. Rxa1 Rxa1 49. g7 Rc1 50. Ke2 R1xc7 51. Kf2 Rc3 52. Kf1 Rc2 53. g8=Q Rxg8 54. Ke1 Rd8 55. g3 Kxe6 56. Kf1 Rd1#) 46. Rd5 {[%emt 0:00:07] Black is clearly winning.} Kxe6 47. Rc5 a2 48. Ba1 Kd6 49. Rc1 Rxc7 50. Rh1 Ke6 {[%emt 0:01:13] Hoping for ...Rb7.} 51. g6 Rb7 {[%emt 0:00:30] ( -> ...Rb1)} 52. Rxh5 Rb1 53. Kd4 {Weighted Error Value: White=0.96/Black=0.39} 0-1

[Event "7th Porticcio Open 2022"]
[Site "Porticcio"]
[Date "2022.07.07"]
[Round "8.5"]
[White "Tomasi, Albert"]
[Black "Mastrovasilis, Athanasios"]
[Result "1/2-1/2"]
[ECO "B15"]
[WhiteElo "2298"]
[BlackElo "2527"]
[Annotator "TA"]
[PlyCount "127"]
[EventDate "2022.07.02"]
[EventType "swiss"]
[EventCountry "FRA"]
[SourceTitle "playchess.com"]
[Source "ChessBase"]
[SourceQuality "1"]
[TimeControl "5400+30"]

1. e4 c6 2. d4 d5 3. Nc3 dxe4 4. Nxe4 Nf6 5. Nxf6+ exf6 6. c3 Bd6 7. Bd3 Na6 {[%emt 0:00:16][%cal Bb8a6,Ba6c7,Bc7d5][%mdl 32] B15: Caro-Kann: 3 Nc3: 3...g6 and 3...dxe4 4 Nxe4 Nf6 5 Nxf6+ exf6.} 8. Qc2 Nc7 9. Ne2 h5 {[%emt 0:00:56] White is slightly better.} 10. O-O Nd5 11. a3 {[%emt 0:09:00] [#]} h4 $146 ({Predecessor:} 11... Kf8 12. c4 Ne7 13. Bd2 g6 14. Bc3 Kg7 15. Ng3 Qc7 16. f4 h4 17. Ne4 Nf5 {1-0 (62) Quparadze,G (2463)-Lortkipanidze,N (2416) Tbilisi 2021}) 12. c4 Ne7 13. h3 Kf8 14. b4 Be6 15. Rb1 (15. Re1 $14) 15... Qd7 (15... b5 $5) 16. b5 Re8 17. bxc6 bxc6 18. Bf4 (18. c5 {keeps more tension.} Bc7 19. Nf4 Qxd4 20. Nxe6+ fxe6 21. Rb7) 18... Bxf4 (18... g6 {seems wilder.} 19. Bxd6 Qxd6 20. Rfd1 Kg7) 19. Nxf4 Qxd4 (19... Bf5 $11) 20. Nxe6+ $16 fxe6 21. Rfe1 Kf7 22. Rb7 f5 23. Qe2 $1 Qf6 24. c5 $1 {[%emt 0:02:03] White is much more active.} (24. Rxa7 Ra8 25. Rd7 Rad8 $14) 24... Rb8 (24... a5 $16 {is a better defense.}) 25. Rxa7 $18 Rb2 (25... Ra8 $16 26. Rb7 Rhb8 27. Qh5+ Kf8) 26. Qf3 Rb3 27. Qd1 Rc3 28. Bb1 (28. Qe2 $18) 28... Rxc5 $16 {[%emt 0:01:49] [#]} 29. Qd6 {[%emt 0:02:21] Inhibits Re5.} (29. Qe2 $1 $16) 29... Rd5 $36 {[%emt 0:00:26][%mdl 2048] Black fights for an advantage.} 30. Qxc6 Rhd8 $1 31. Qa4 {[%emt 0:03:07] Prevents Rd1.} Qc3 32. Kf1 {[%emt 0:02:31] [#]} (32. Rf1 $1 $11) 32... Re5 $1 $17 33. Rxe5 Qxe5 34. Qc2 {[%emt 0:02:30][%mdl 8192] Against Qc5} (34. Rd7 $17 {is a better chance.} Rxd7 35. Qxd7) 34... Qh2 $2 (34... Rb8 $19 35. Qd1 Qc5) 35. Ba2 $11 {[%emt 0:00:13] White wants to mate with Qxf5+.} Qe5 36. Rb7 Kf6 37. Rb1 Nd5 38. Re1 Qd4 39. Qc6 (39. Bxd5 $11 Rxd5 40. Qc8) 39... Nf4 $17 40. Kg1 (40. Qc4 $17 {might work better.}) 40... Rd6 (40... Qd2 $19 {has better winning chances.} 41. Rxe6+ Kg5) 41. Qe8 (41. Qc2 $17) 41... Qd2 42. Re3 (42. Rf1 $17) 42... Ne2+ $2 (42... Qd1+ {mates} 43. Kh2 Qf1 44. Qa8 Rd1 45. Qf8+ Kg5 46. Qe7+ Kh5 47. g4+ hxg3+ 48. Kxg3 Qg2+ 49. Kxf4 Qxf2+ 50. Rf3 Qd4+ 51. Kg3 Qe5+ 52. Kg2 Rd2+ 53. Rf2 Qe4+ 54. Kg1 Qe1+ 55. Rf1 Qg3+ 56. Kh1 Qh2#) 43. Kh2 $11 {[%emt 0:00:12] Chess con chili.} Nf4 44. Rf3 ({Better is} 44. Kg1 $11) 44... Ng6 (44... Rd8 $5 45. Qc6 Qxa2 46. Rxf4 Qb2 47. Rxh4 Qxf2 48. Qc3+ Kg6 $15) 45. Bb3 Qd4 46. Re3 {[%emt 0:00:30][%cal Re3e6] Prevents Qe5+.} Nf4 47. Qh8 Ng6 48. Qe8 Nf4 49. a4 Rb6 50. Qf8+ Kg6 51. Qe8+ Kh7 52. a5 Rxb3 53. Rxb3 {[%emt 0:00:04] Strongly threatening Qe7.} Qxf2 {[%emt 0:00:05][%csl Gf4][%cal Rf2g2][%mdl 4096] Endgame KQR-KQN} 54. Qc6 Ne2 55. Rb1 {[%emt 0:00:49] Prevents Qg1+. Threatens to win with Qf3.} ({Reject} 55. Qb6 Qf4+ 56. Kh1 Ng3+ 57. Kh2 Ne4+ 58. Kh1 Qc1+ 59. Qg1 Nf2+ 60. Kh2 Qc7+ 61. g3 Ne4 $17) 55... Qf4+ 56. Kh1 Ng3+ 57. Kg1 Qd4+ 58. Kh2 Qe5 {[%emt 0:00:19] The position is equal.} 59. a6 {[%emt 0:01:52] Hoping for Qb5.} Ne2+ 60. Kh1 Ng3+ 61. Kh2 {[%emt 0:00:05] Qb5 is the strong threat.} Ne2+ 62. Kh1 {[%emt 0:00:05] aiming for Qb5.} Ng3+ 63. Kh2 {[%emt 0:00:41] And now Qb5 would win.} Ne2+ 64. Kh1 {[%emt 0:00:09] A wild game.  Weighted Error Value: White=0.36/Black=0.40} 1/2-1/2

[Event "7th Porticcio Open 2022"]
[Site "Porticcio"]
[Date "2022.07.07"]
[Round "8.6"]
[White "Maugenest, Ghislain"]
[Black "Peng, Li Min"]
[Result "0-1"]
[ECO "E04"]
[WhiteElo "2203"]
[BlackElo "2516"]
[Annotator "TA"]
[PlyCount "86"]
[EventDate "2022.07.02"]
[EventType "swiss"]
[EventCountry "FRA"]
[SourceTitle "playchess.com"]
[Source "ChessBase"]
[SourceQuality "1"]
[TimeControl "5400+30"]

1. d4 d5 2. c4 e6 3. Nf3 Nf6 4. g3 dxc4 5. Bg2 c5 6. O-O Nc6 7. dxc5 (7. Qa4 {is interesting.} Bd7 8. Qxc4 cxd4 9. Nxd4 Rc8 10. Nc3) 7... Qxd1 {[%emt 0:00:29] E04: Open Catalan: 5 Nf3.} 8. Rxd1 Bxc5 9. Na3 {[%emt 0:11:35] [#]} Bxa3 $146 {[%emt 0:19:42] Black has an edge.} ({Predecessor:} 9... Ne4 10. e3 Bxa3 11. bxa3 O-O 12. Nd4 Nc3 13. Rd2 Nxd4 14. exd4 Rd8 15. Rc2 Nb5 16. Rxc4 Nxd4 {1-0 (44) Novak,A (1657)-Jese,J (1860) Komenda 2017}) 10. bxa3 Nd5 11. Bd2 b6 (11... c3 12. Be1 $14) 12. e4 Nf6 13. Bc3 Ba6 14. Nd4 Nxd4 15. Rxd4 Rd8 16. Rad1 Rxd4 17. Rxd4 Nd7 18. Rd6 Ke7 19. Bb4 {[%emt 0:01:31] A strong pair of Bishops.} Kd8 20. e5 Bb5 $1 21. Rd4 a5 22. Bd6 c3 {[%emt 0:00:41][%cal Bc4c3,Bc3c2][%mdl 32] And now ...c2 would win.} 23. a4 Ba6 24. Bf1 {[%emt 0:13:17] Black converts the advantage convincingly.} (24. Be4 $11 {keeps the balance.}) 24... c2 $1 $36 {[%emt 0:03:09][%mdl 2048] Black has strong initiative.} ({Of course not} 24... Bxf1 $6 25. Kxf1 f6 26. Ke2 $11 (26. Rc4 Nxe5 27. Rxc3 Kd7 $11)) 25. Ba3 Bxf1 26. Kxf1 {[%emt 0:00:02][%mdl 4096] Endgame [#] KRB-KRN} Kc7 $1 27. Rc4+ Kb7 28. Rxc2 {[%emt 0:00:03] [#]} Rc8 $1 ({Not} 28... Nxe5 29. Bb2 Nd3 30. Bxg7 $15) 29. Rxc8 (29. Re2 $17) 29... Kxc8 {[%emt 0:00:04] KB-KN} 30. f4 (30. Ke2 {is a better defense.}) 30... Kb7 $19 31. Ke2 Kc6 32. Kd3 Kd5 33. Be7 h5 34. a3 Nc5+ 35. Bxc5 $2 (35. Kd2 $19) 35... bxc5 {[%emt 0:00:04] KP-KP. Black mates.} 36. h3 g6 37. h4 c4+ 38. Ke3 c3 39. Kd3 c2 $1 40. Kxc2 Ke4 41. Kc3 Kf3 42. Kc4 Kxg3 43. Kb5 Kxh4 {[%emt 0:00:03] Weighted Error Value: White=0.33/Black=0.02 (flawless)} 0-1

[Event "7th Porticcio Open 2022"]
[Site "Porticcio"]
[Date "2022.07.07"]
[Round "8.7"]
[White "Trent, Lawrence"]
[Black "Barrish, Daniel"]
[Result "1/2-1/2"]
[ECO "C20"]
[WhiteElo "2404"]
[BlackElo "2283"]
[Annotator "TA"]
[PlyCount "127"]
[EventDate "2022.07.02"]
[EventType "swiss"]
[EventCountry "FRA"]
[SourceTitle "playchess.com"]
[Source "ChessBase"]
[SourceQuality "1"]
[TimeControl "5400+30"]

1. e4 e5 2. Ne2 Nf6 3. d4 Nxe4 4. f3 {[%emt 0:01:03] [#]} Nd6 $146 ({Predecessor:} 4... Ng5 5. dxe5 d6 6. Nbc3 Ne6 7. exd6 Bxd6 8. Be3 O-O 9. Qd2 Bc5 10. O-O-O Qxd2+ 11. Bxd2 {1-0 (55) Moiseenko,V (2541)-Perov,G (2108) Novorossiysk 2021}) 5. dxe5 Nf5 6. Qd3 {[%emt 0:05:36] C20: 1 e4 e5: Unusual White second moves.} d6 7. Bf4 (7. exd6 $11 Bxd6 8. Bf4) 7... Nc6 (7... dxe5 $15 8. Bxe5 (8. Qxd8+ Kxd8 9. Bxe5 Ne3 $15) 8... Qxd3 9. cxd3 c5) 8. exd6 $11 {[%emt 0:00:05] White has an edge.} Bxd6 9. Bxd6 Nxd6 10. Nbc3 O-O 11. O-O-O Qg5+ 12. Qd2 Qxd2+ 13. Rxd2 Nc4 $1 14. Rd1 Ne3 15. Rd3 Re8 16. Ne4 Nxf1 17. Rxf1 Be6 18. Rc3 Rad8 ({But not} 18... Bxa2 19. b3 $16) 19. a3 Bc8 20. Rd1 Rxd1+ 21. Kxd1 f5 22. Nf2 Kf7 23. h4 Kf6 24. Nf4 Rd8+ 25. N2d3 Rd6 26. b4 a6 27. a4 {[%emt 0:00:05] Black should prevent b5.} Nxb4 28. Rxc7 Nxd3 29. cxd3 Rc6 30. Rxc6+ bxc6 {[%emt 0:00:06][%mdl 4096] Endgame KB-KN} 31. Kd2 Ke5 32. g3 a5 33. Kc3 Ba6 34. Ng2 c5 $2 (34... g6 $11 {and Black has nothing to worry.}) 35. f4+ $18 Kd6 36. h5 $2 (36. Ne3 $18) 36... Bc8 $11 37. Ne3 {[%emt 0:02:17] [#] Strongly threatening Nc4+.} Bd7 38. Nc4+ Kd5 39. Ne3+ Kd6 40. d4 (40. Kc4 $11) 40... cxd4+ $15 41. Kxd4 Ke6 (41... h6 $1 $15) 42. h6 $1 $11 {[%emt 0:01:27] The position is equal.} gxh6 43. Nc4 Bxa4 44. Nxa5 Bc2 45. Kc5 Be4 46. Nc4 $1 Bd3 47. Nd2 (47. Kd4 $5 Be2 48. Kc5 $11) 47... Bc2 48. Kc4 Bd1 49. Kd4 Bc2 50. Nf1 Bb1 51. Ne3 Kd6 52. Nc4+ Ke6 53. Kc5 Be4 54. Ne5 Bg2 55. Nc4 $1 Be4 56. Nd2 Bd5 57. Nb1 Be4 58. Nc3 Bf3 59. Nb5 {[%emt 0:00:49] [#] White wants to mate with Nd4+.} Be4 60. Nd4+ Kf6 {[%emt 0:00:03] aiming for ...Kg6.} 61. Kd6 Kg6 {[%emt 0:00:06] White must now prevent ...Kh5.} 62. Ke5 Kh5 63. Nxf5 Bxf5 64. Kxf5 {Weighted Error Value: White=0.09 (flawless) /Black=0.12 (very precise)} 1/2-1/2